 Dungeon Crawl Stone Soup version 0.25.0-9-g26727b657a (webtiles) character file.

Game seed: 14211219836473025100

48 Lanoc the Skirmisher (level 3, 0/31 HPs)
             Began as a Minotaur Wanderer on June 18, 2020.
             Killed by divine providence
             ... invoked by an orc priest
              (16 damage)
             ... on level 2 of the Dungeon.
             The game lasted 00:01:47 (1733 turns).

Lanoc the Skirmisher (Minotaur Wanderer)            Turns: 1733, Time: 00:01:49

Health: 0/31       AC: 11    Str: 18    XL:     3   Next: 50%
Magic:  3/3        EV:  5    Int:  9    God:
Gold:   32         SH:  0    Dex:  8    Spells: 4/4 levels left

rFire    . . .     SeeInvis .   a - +0 spear
rCold    . . .     Gourm    .   (no shield)
rNeg     . . .     Faith    .   e - +0 plate armour
rPois    .         Spirit   .   (helmet restricted)
rElec    .         Reflect  .   (no cloak)
rCorr    .         Harm     .   (no gloves)
MR       .....                  (no boots)
Stlth    ..........             (no amulet)
HPRegen  0.10/turn              (no ring)
MPRegen  0.08/turn              (no ring)

@: no status effects
A: retaliatory headbutt, horns 2
a: no special abilities


You were on level 2 of the Dungeon.
You were hungry.

You visited 1 branch of the dungeon, and saw 2 of its levels.

You collected 32 gold pieces.

Inventory:

Hand Weapons
 a - a +0 spear (weapon)
Armour
 e - a +0 plate armour (worn)
Scrolls
 b - a scroll of magic mapping {unknown}
 g - a scroll of teleportation {unknown}
 h - a scroll of identify {unknown}
Potions
 i - 2 potions of heal wounds
 j - a potion of stabbing {unknown}
Comestibles
 d - 2 rations


   Skills:
 + Level 3.3 Fighting
 + Level 2.6 Armour
 + Level 1.8 Dodging
   Level 1.2 Shields
 - Level 1.0 Spellcasting
   Level 1.2 Hexes
   Level 1.3 Necromancy
   Level 1.0 Evocations


You had 4 spell levels left.
You didn't know any spells.
Your spell library contained the following spells:

 Spells                   Type           Power        Failure   Level  Hunger
 Animate Skeleton         Necr           N/A          100%        1    ##.....
 Pain                     Necr           #...         100%        1    ##.....
 Vampiric Draining        Necr           #.........   100%        3    ####...
 Animate Dead             Necr           N/A          100%        4    #####..
 Agony                    Necr           #.......     100%        5    ######.


Dungeon Overview and Level Annotations

Branches:
Dungeon (2/15)

Altars:


Innate Abilities, Weirdness & Mutations

You reflexively headbutt those who attack you in melee.
You have a pair of horns on your head.


Message History

You headbutt the gnoll, but do no damage.
You hit the gnoll but do no damage. Your headbutt misses the gnoll.
The gnoll is moderately wounded.
The gnoll hits you but does no damage.
You hit the gnoll but do no damage. You headbutt the gnoll.
The gnoll is almost dead.
The gnoll barely misses you.
Your plate armour prevents you from hitting the gnoll.
The gnoll is almost dead.
The gnoll hits you but does no damage. The gnoll completely misses you.
Your plate armour prevents you from hitting the gnoll.
You headbutt the gnoll.
You kill the gnoll!
You hit the orc. You headbutt the orc, but do no damage.
The orc is heavily wounded.
The orc hits you but does no damage.
The orc priest calls down the wrath of Beogh upon you.
Beogh smites you!
Ouch! That really hurt!
You die...

#..........######
#######...########
# #...#.......#
#.........#
#.........#
#..##...###
#..##...#
#..##(### #.oo@.#
#.#####o####
#.....).#
#.##..#..# #.###.#
... .. ##. .#. #
###. .#


You could see an orc priest and 2 orcs.

Vanquished Creatures
  A gnoll (D:2)
  A dart slug (D:1)
  A leopard gecko (D:1)
  2 giant cockroaches
  6 goblins
  6 hobgoblins
  2 jackals (D:1)
  A kobold (D:1)
  A quokka (D:2)
  A ball python (D:2)
  3 bats
  4 frilled lizards
  4 rats
33 creatures vanquished.

Notes
Turn   | Place    | Note
-------+----------+-------------------------------------------
     0 | D:1      | Lanoc the Minotaur Wanderer began the quest for the Orb.
     0 | D:1      | Lanoc set off with the following items: a +0 spear, a +0
                  | robe, a ration; and the following spells available to
                  | memorise: Animate Skeleton, Pain, Vampiric Draining,
                  | Animate Dead, Agony
     0 | D:1      | Reached XP level 1. HP: 18/18 MP: 1/1
   174 | D:1      | Reached XP level 2. HP: 24/25 MP: 2/2
   175 | D:1      | Reached skill level 1 in Dodging
   389 | D:1      | Reached skill level 3 in Fighting
  1147 | D:2      | Reached XP level 3. HP: 26/31 MP: 3/3
  1733 | D:2      | Killed from afar by an orc priest

Illustrated notes

Levels and vault maps discovered:
D:1:      kilobyte_arrival_exit_the_forest, layout_rooms
D:2:      layout_loops_ring, zin_purify, gammafunk_temple_overflow_pools,
          chequers_ecumenical_altar_simple_redux, minmay_pentomino_x2,
          uniq_terence

Skill      XL: |  1  2 |
---------------+-------+-----
Dodging        | 1 |  1.8
Armour         | 2 |  2.6
Fighting       | 3 |  3.3
Shields        | |  1.2
Spellcasting   | |  1.0
Hexes          | |  1.2
Necromancy     | |  1.3
Evocations     | |  1.0

Action                   || total
-------------------------++-------
Melee: Spear             ||   121
       Headbutt          ||    14
  Use: Potion            ||     1
  Eat: Chunk             ||     2
Armor: Robe              ||    13
       Plate armour      ||     8
Dodge: Dodged            ||    49
